 Dungeon Crawl Stone Soup version 0.29.1-12-g30fa7ad0bf (webtiles) character file.

Game seed: 12601126616495976515

5670 MisterFreud the Protected (level 10, -1/118 HPs)
             Began as a Gnoll Wanderer on Dec 18, 2022.
             Was an Initiate of Yredelemnul.
             Slain by a small abomination (16 damage)
             ... in a Gauntlet.
             The game lasted 00:14:33 (10544 turns).

MisterFreud the Protected (Gnoll Wanderer)         Turns: 10544, Time: 00:14:34

Health: -1/118     AC: 14    Str: 11    XL:     10   Next: 75%
Magic:  19/19      EV: 12    Int: 16    God:    Yredelemnul [......]
Gold:   536        SH:  0    Dex: 12    Spells: 22/22 levels left

rFire   . . .      SeeInvis .   a - +8 quarterstaff (drain)
rCold   + . .      Faith    +   (shield currently unavailable)
rNeg    . . .      Spirit   .   d - +0 ring mail
rPois   .          Reflect  .   g - +0 helmet
rElec   .          Harm     .   m - +0 cloak
rCorr   .          Rampage  .   (no gloves)
Will    .....      NoTele   +   (no boots)
Stlth   ..........              B - amulet of faith
HPRegen 0.29/turn               z - +4 ring of protection
MPRegen 0.16/turn               D - ring of protection from cold

@: berserking, very quick
A: fangs 1, strong nose, distributed training
a: Renounce Religion, Recall Undead Harvest


You were in a Gauntlet.
You worshipped Yredelemnul.
Yredelemnul was noncommittal.
You visited 2 branches of the dungeon, and saw 14 of its levels.
You also visited: Gauntlet.

You collected 536 gold pieces.

Inventory:

Hand Weapons
 a - a +8 quarterstaff of draining (weapon)
 b - the +11 sling of Harmony {vorpal, Int+4}
   (You found it on level 5 of the Dungeon)

   Any ammunition fired from it inflicts extra damage upon your enemies.
   Int:       It affects your intelligence (+4).
 A - a +4 quarterstaff of chaos
Missiles
 k - 3 boomerangs (quivered)
 l - 17 poisoned darts
 s - 2 curare-tipped darts
Armour
 d - a +0 ring mail (worn)
 g - a +0 helmet (worn)
 m - a +0 cloak (worn)
 w - the +1 robe of Vines {NoPotionHeal Regen++++}
   (You found it on level 7 of the Dungeon)

   Its wearer cannot be healed by potions.
   Regen:     It increases your rate of health regeneration.
Jewellery
 j - an amulet of regeneration
 z - a +4 ring of protection (left hand)
 B - an amulet of faith (around neck)
 D - a ring of protection from cold (right hand)
Wands
 c - a wand of roots (4)
 u - a wand of charming (17)
 y - a wand of digging (2)
Scrolls
 e - 6 scrolls of teleportation
 h - 2 scrolls of blinking
 E - 4 scrolls of fear
 F - 2 scrolls of identify
Potions
 f - 2 potions of flight
 i - 10 potions of curing
 n - a potion of invisibility
 o - 2 potions of resistance
 p - a potion of lignification
 q - a potion of mutation
 r - a potion of might
 t - a potion of haste
 v - 2 potions of brilliance
 x - a potion of berserk rage
 C - 4 potions of attraction


   Skills:
 + Level 7.4 Fighting
 + Level 5.8 Short Blades
 + Level 5.8 Long Blades
 + Level 5.8 Axes
 + Level 5.8 Maces & Flails
 + Level 5.8 Polearms
 + Level 6.4 Staves
 + Level 5.8 Ranged Weapons
 + Level 5.8 Throwing
 + Level 10.3 Armour
 + Level 5.8 Dodging
 + Level 5.8 Stealth
 + Level 5.8 Shields
 + Level 7.4 Unarmed Combat
 + Level 6.5 Spellcasting
 + Level 4.8 Conjurations
 + Level 4.8 Hexes
 + Level 4.8 Summonings
 + Level 4.8 Necromancy
 + Level 4.8 Translocations
 + Level 4.8 Transmutations
 + Level 4.8 Fire Magic
 + Level 4.8 Ice Magic
 + Level 4.8 Air Magic
 + Level 4.8 Earth Magic
 + Level 4.8 Poison Magic
 + Level 6.3 Invocations
 + Level 5.8 Evocations


You had 22 spell levels left.
You didn't know any spells.
Your spell library contained the following spells:

 Spells                   Type           Power      Damage    Failure   Level
 Freeze                   Ice            80%        1d9       3%          1
 Sandblast                Erth           40%        2d10      3%          1
 Passwall                 Tmut/Erth      16%        N/A       5%          2
 Call Canine Familiar     Summ           20%        N/A       11%         3
 Dazzling Flash           Conj/Hex       40%        N/A       11%         3
 Frozen Ramparts          Ice            40%        1d7       11%         3
 Portal Projectile        Hex/Tloc       40%        N/A       11%         3
 Stone Arrow              Conj/Erth      40%        3d9       11%         3
 Animate Armour           Summ/Erth      40%        N/A       34%         4
 Hailstorm                Conj/Ice       20%        3d6       34%         4
 Leda's Liquefaction      Hex/Erth       10%        N/A       34%         4
 Agony                    Necr           20%        N/A       69%         5
 Silence                  Hex/Air        10%        N/A       69%         5
 Lehudib's Crystal Spear  Conj/Erth      10%        10d4      100%        8


Dungeon Overview and Level Annotations

Branches:
Dungeon (13/15)            Temple (1/1) D:5         Gauntlet (1/1)
   Lair: D:8-11         Orc: D:9-12      Vaults: D:13-14

Altars:
Ashenzari
Dithmenos
Elyvilon
Hepliaklqana
Makhleb
Nemelex Xobeh
Okawaru
Qazlal
Ru
Vehumet
Yredelemnul
Zin
The Shining One

Shops:
D:8 :

Annotations:
D:9 3 runed translucent doors, diceflayer's ghost, novice DsGl
D:12 Nessos Gauntlet 6 transporters


Innate Abilities, Weirdness & Mutations

You have very sharp teeth.
Your uncanny sense of smell can sniff out nearby items.
Your experience applies equally to all skills.


Message History

The small abomination hits you!
* * * LOW HITPOINT WARNING * * *
The thrashing horror barely misses you.
The thrashing horror closely misses you.
You see here the ring "Ovvoj" {Str+3 Int-3 Dex+6}.
You see here a fizzy black potion.
The thrashing horror misses you.
The thrashing horror tramples you but does no damage.
There is a transporter here.
You enter the transporter and appear at another place.
The thrashing horror tramples you but does no damage.
The thrashing horror barely misses you. The small abomination misses you.
You barely miss the small abomination.
The thrashing horror closely misses you. x2
A red film seems to cover your vision as you go berserk!
You feel yourself moving faster!
You feel mighty! The thrashing horror tramples you!
* * * LOW HITPOINT WARNING * * *
You hold your ground!
The thrashing horror closely misses you.
The small abomination closely misses you.
You completely miss the small abomination.
The thrashing horror tramples you but does no damage.
The thrashing horror tramples you!
* * * LOW HITPOINT WARNING * * *
You hold your ground!
The small abomination barely misses you.
You sock the small abomination!
The small abomination is severely damaged.
The thrashing horror tramples you.
* * * LOW HITPOINT WARNING * * *
You hold your ground!
The thrashing horror closely misses you.
You sock the thrashing horror!
The thrashing horror is moderately damaged.
The thrashing horror tramples you but does no damage.
The thrashing horror closely misses you.
The small abomination hits you!
You die...
Your body rises from the dead as a mindless zombie.

.8.#^.# #.^#.8. ...#.#. .#.#...
...#.#.#.#.#...#..
...#..#.#..#...#...#P
...#########...#2...#
.....#.©.#.....######
.....#X.x#........#.©
8....#.@.#....8...#.8
..###########.....#.©
..##.:.xx=.##...#####
["©.|.#...#.#..x..#.#...#..?©[$
#.#.#.#...#..#...#..#...#...8..
......#...#...#.#...#...#8.8.8.
#.©.#.#.8.#....#....#.8.##8.©.8
...P..#...#...#©#...#...#8.8.8.
8.8.⌠G#...#..#...#..#...#hy.8..


You could see a thrashing horror and 4 small abominations.

Vanquished Creatures
  A hydra (D:7)
  A gargoyle (D:11)
  A kobold demonologist (D:12)
  3 trolls
  Sigmund (D:5)
  A wraith (D:11)
  3 yaks (D:9)
  A steam dragon (D:7)
  Menkaure (D:6)
  An orc warrior (D:8)
  A sky beast (D:6)
  2 ogres
  A centaur (D:8)
  2 phantoms
  3 bullfrogs
  A necrophage (D:5)
  A scorpion (D:4)
  6 wights (D:6)
  4 killer bees (D:9)
  5 howler monkeys
  4 hounds
  A gnoll bouda (D:8)
  6 orc priests
  2 jellies
  Crazy Yiuf (D:5)
  6 iguanas
  Natasha (thrice) (D:2)
  6 orc wizards
  Robin (D:3)
  8 gnolls
  6 adders
  2 shadow imps
  5 white imps
  3 ufetubi
  7 worms
  4 dart slugs
  36 orcs
  6 bats
  7 endoplasms
  5 giant cockroaches
  11 goblins
  4 hobgoblins (D:3)
  14 jackals
  6 quokkas
  7 ball pythons
  3 frilled lizards
  8 kobolds
  An orc zombie (D:12)
  7 rats
220 creatures vanquished.

Vanquished Creatures (collateral kills)
  A wight (D:6)
  2 killer bees (D:9)
  A jelly (D:6)
4 creatures vanquished.

Vanquished Creatures (others)
  A centaur zombie (D:8)
  A bullfrog zombie (D:8)
  3 killer bee zombies (D:9)
  A hound zombie (D:6)
  A howler monkey zombie (D:8)
  An iguana zombie (D:7)
  A jelly zombie (D:7)
  A spectral shadow imp (D:7)
  6 orc zombies
  9 demonic plants (Gauntlet)
  5 toadstools (D:1)
30 creatures vanquished.

Grand Total: 254 creatures vanquished

Notes
Turn   | Place    | Note
-------+----------+-------------------------------------------
     0 | D:1      | MisterFreud the Gnoll Wanderer began the quest for the Orb.
     0 | D:1      | MisterFreud set off with the following items: a +0
                  | quarterstaff, a potion of brilliance, a potion of heal
                  | wounds, a +0 ring mail, a scroll of teleportation.
     0 | D:1      | Reached XP level 1. HP: 20/20 MP: 4/4
   213 | D:1      | Reached XP level 2. HP: 22/26 MP: 5/5
  1192 | D:2      | Reached XP level 3. HP: 31/31 MP: 7/7
  1208 | D:2      | Found a faded altar of an unknown god.
  1252 | D:2      | Noticed Natasha
  1256 | D:2      | Killed Natasha
  1257 | D:2      | Reached skill level 1 in Short Blades
  1257 | D:2      | Reached skill level 1 in Long Blades
  1257 | D:2      | Reached skill level 1 in Axes
  1257 | D:2      | Reached skill level 1 in Maces & Flails
  1257 | D:2      | Reached skill level 1 in Polearms
  1257 | D:2      | Reached skill level 1 in Ranged Weapons
  1257 | D:2      | Reached skill level 1 in Throwing
  1257 | D:2      | Reached skill level 1 in Dodging
  1257 | D:2      | Reached skill level 1 in Stealth
  1257 | D:2      | Reached skill level 1 in Shields
  1257 | D:2      | Reached skill level 1 in Invocations
  1257 | D:2      | Reached skill level 1 in Evocations
  1537 | D:2      | Found an iron altar of Okawaru.
  1669 | D:2      | Noticed Natasha
  1675 | D:2      | Killed Natasha
  1676 | D:2      | Reached XP level 4. HP: 11/38 MP: 8/8
  1841 | D:2      | Reached skill level 1 in Conjurations
  1841 | D:2      | Reached skill level 1 in Hexes
  1841 | D:2      | Reached skill level 1 in Summonings
  1841 | D:2      | Reached skill level 1 in Necromancy
  1841 | D:2      | Reached skill level 1 in Translocations
  1841 | D:2      | Reached skill level 1 in Transmutations
  1841 | D:2      | Reached skill level 1 in Fire Magic
  1841 | D:2      | Reached skill level 1 in Ice Magic
  1841 | D:2      | Reached skill level 1 in Air Magic
  1841 | D:2      | Reached skill level 1 in Earth Magic
  1841 | D:2      | Reached skill level 1 in Poison Magic
  1917 | D:2      | Noticed Natasha
  1936 | D:2      | Killed Natasha
  2129 | D:2      | Reached XP level 5. HP: 43/43 MP: 9/9
  2589 | D:2      | Identified a scroll of acquirement
  2589 | D:2      | Acquired a +4 quarterstaff of draining
  3822 | D:4      | Reached XP level 6. HP: 49/50 MP: 9/11
  3884 | D:3      | Noticed Robin
  3926 | D:3      | Killed Robin
  3927 | D:3      | Reached skill level 5 in Fighting
  3927 | D:3      | Reached skill level 5 in Unarmed Combat
  4656 | D:4      | Found a glowing silver altar of Zin.
  4671 | D:4      | HP: 1/51 [gnoll/+0 spear (3)]
  5027 | D:4      | Reached XP level 7. HP: 50/56 MP: 12/12
  5069 | D:4      | Found a stormy altar of Qazlal.
  5494 | D:5      | Entered Level 5 of the Dungeon
  5657 | D:5      | Reached skill level 9 in Armour
  5980 | D:5      | Identified the +11 sling of Harmony {vorpal, Int+4}
  6051 | D:5      | Found a staircase to the Ecumenical Temple.
  6138 | D:5      | Reached XP level 8. HP: 63/63 MP: 14/14
  6165 | D:5      | Noticed Sigmund
  6186 | D:5      | Killed Sigmund
  6203 | D:5      | Found a runed translucent door.
  6204 | D:5      | Noticed Crazy Yiuf
  6546 | D:5      | Killed Crazy Yiuf
  6615 | Temple   | Entered the Ecumenical Temple
  6708 | Temple   | Became a worshipper of Yredelemnul the Dark
  6908 | D:6      | Reached * piety under Yredelemnul
  6963 | D:6      | Reached XP level 9. HP: 67/69 MP: 16/16
  6965 | D:6      | Reached ** piety under Yredelemnul
  6984 | D:6      | Reached skill level 5 in Spellcasting
  7023 | D:6      | Reached skill level 5 in Staves
  7038 | D:6      | Reached *** piety under Yredelemnul
  7224 | D:6      | Noticed Menkaure
  7231 | D:6      | Killed Menkaure
  7428 | D:6      | Found a hazy altar of Hepliaklqana.
  7586 | D:7      | Noticed a troll
  7588 | D:7      | Noticed a four-headed hydra
  7590 | D:7      | Noticed a troll
  7610 | D:6      | Killed a troll
  7655 | D:7      | HP: 2/71 [four-headed hydra (5)]
  7660 | D:7      | Killed a four-headed hydra
  7661 | D:7      | Reached skill level 5 in Invocations
  7665 | D:7      | Killed a troll
  7857 | D:7      | Reached skill level 5 in Short Blades
  7857 | D:7      | Reached skill level 5 in Long Blades
  7857 | D:7      | Reached skill level 5 in Axes
  7857 | D:7      | Reached skill level 5 in Maces & Flails
  7857 | D:7      | Reached skill level 5 in Polearms
  7857 | D:7      | Reached skill level 5 in Ranged Weapons
  7857 | D:7      | Reached skill level 5 in Throwing
  7857 | D:7      | Reached skill level 5 in Dodging
  7857 | D:7      | Reached skill level 5 in Stealth
  7857 | D:7      | Reached skill level 5 in Shields
  7857 | D:7      | Reached skill level 5 in Evocations
  7860 | D:7      | Found the +1 robe of Vines {NoPotionHeal Regen++++}
  7888 | D:7      | Reached XP level 10. HP: 77/77 MP: 18/18
  7921 | D:7      | Reached skill level 10 in Armour
  8375 | D:7      | Found a shadowy altar of Dithmenos.
  8838 | D:8      | Found Kiwn's Book Boutique.
  9285 | D:9      | Found a runed translucent gate.
  9285 | D:9      | Found a runed translucent gate.
  9285 | D:9      | Found a runed translucent gate.
  9285 | D:9      | Noticed diceflayer's ghost (novice DsGl)
  9541 | D:10     | Entered Level 10 of the Dungeon
  9541 | D:10     | HP: 3/79 [poisoned by a killer bee]
  9544 | D:10     | You fall into a shaft and drop 2 floors!
  9623 | D:12     | Noticed a kobold demonologist
  9795 | D:12     | Killed a kobold demonologist
  9976 | D:12     | Noticed Nessos
 10246 | D:11     | Noticed a gargoyle
 10262 | D:11     | Killed a gargoyle
 10446 | D:11     | Noticed a cyan ugly thing
 10457 | D:11     | Found a gate leading to a gauntlet.
 10463 | Gauntlet | Entered a Gauntlet
 10463 | Gauntlet | Found a transporter.
 10466 | Gauntlet | Noticed a thrashing horror
 10472 | Gauntlet | Noticed a swamp dragon
 10473 | Gauntlet | Found a transporter.
 10475 | Gauntlet | Noticed a shining eye
 10475 | Gauntlet | a swamp dragon changed into a shining eye
 10476 | Gauntlet | Found a transporter.
 10479 | Gauntlet | Noticed an elephant
 10479 | Gauntlet | a shining eye changed into an elephant
 10484 | Gauntlet | Found a transporter.
 10487 | Gauntlet | Found a transporter.
 10488 | Gauntlet | Found a transporter.
 10489 | Gauntlet | Noticed a shining eye
 10489 | Gauntlet | an elephant changed into a shining eye
 10494 | Gauntlet | Noticed a black mamba
 10494 | Gauntlet | a troll changed into a black mamba
 10497 | Gauntlet | Noticed a harpy
 10497 | Gauntlet | a black mamba changed into a harpy
 10499 | Gauntlet | Noticed a moth of wrath
 10499 | Gauntlet | a shining eye changed into a moth of wrath
 10499 | Gauntlet | a harpy changed into a naga
 10510 | Gauntlet | Found a transporter.
 10510 | Gauntlet | Noticed a red ugly thing
 10510 | Gauntlet | Noticed a purple ugly thing
 10512 | Gauntlet | Found a transporter.
 10513 | Gauntlet | Noticed a glowing orange brain
 10532 | Gauntlet | Noticed a hell beast
 10536 | Gauntlet | Identified the ring "Ovvoj" {Str+3 Int-3 Dex+6}
 10544 | Gauntlet | Slain by a small abomination

Illustrated notes

Levels and vault maps discovered:
D:1:      ldierk_walled_garden, layout_basic
D:2:      layout_loops_ring, basic_ecumenical_altar, basic_altar, uniq_natasha
D:3:      minmay_inner_zag, layout_loops_cross, grunt_ministairs_11,
          wander_ebering_terrifying_dragon_lair, uniq_robin
D:4:      layout_basic, nicolae_qazlal_general_emergency, zin_scriptorium,
          nicolae_overflow_hidden_temple, nicolae_wormholes
D:5:      layout_loops_ring, minmay_temple_entry_wispy, uniq_crazy_yiuf_cottage,
          uniq_sigmund
D:6:      layout_basic, mainiacjoe_overflow_alcove_1, dreamdust_wishing_well,
          item_on_display_a, uniq_menkaure
D:7:      layout_loops_ring, mainiacjoe_overflow_alcove_4,
          hellmonk_guarded_unrand_vines
D:8:      layout_basic, serial_shops, shop
D:9:      layout_cave_pods, mainiacjoe_overflow_divided_tiny,
          gammafunk_ghost_spectres
D:10:     layout_basic, jmf_multi_god_temple2, dpeg_lair_monsters,
          minmay_misc_feat_alley, kennysheep_generic_room_6
D:11:     layout_loops_ring, gauntlet_entry_generic, skrybe_limestone_x
D:12:     layout_layer_cave, zombieorc1_lemuel, uniq_nessos
D:13:     layout_rooms, erik_vaults_1, xom_shifter_show
Temple:   hellmonk_temple_flake
Gauntlet: minmay_gauntlet_mixed_oops_all_seconds
          [minmay_gauntlet_arena_77_museum, nicolae_gauntlet_arena_x,
          minmay_gauntlet_arena_77_terracotta_army,
          gammafunk_gauntlet_arena_corners, minmay_gauntlet_arena_77_braids,
          gammafunk_gauntlet_arena_arrow_garden, gauntlet_exit_green]

Skill      XL: |  1  2  3  4  5  6  7  8  9 10 |
---------------+-------------------------------+-----
Short Blades   | 1 2 3 5 |  5.8
Long Blades    | 1 2 3 5 |  5.8
Axes           | 1 2 3 5 |  5.8
Maces & Flails | 1 2 3 5 |  5.8
Polearms       | 1 2 3 5 |  5.8
Ranged Weapons | 1 2 3 5 |  5.8
Throwing       | 1 2 3 5 |  5.8
Dodging        | 1 2 3 5 |  5.8
Stealth        | 1 2 3 5 |  5.8
Shields        | 1 2 3 5 |  5.8
Invocations    | 1 2 3 4 5 6 |  6.3
Evocations     | 1 2 3 5 |  5.8
Spellcasting   | 3 4 5 6 |  6.5
Conjurations   | 1 2 3 4 |  4.8
Hexes          | 1 2 3 4 |  4.8
Summonings     | 1 2 3 4 |  4.8
Necromancy     | 1 2 3 4 |  4.8
Translocations | 1 2 3 4 |  4.8
Transmutations | 1 2 3 4 |  4.8
Fire Magic     | 1 2 3 4 |  4.8
Ice Magic      | 1 2 3 4 |  4.8
Air Magic      | 1 2 3 4 |  4.8
Earth Magic    | 1 2 3 4 |  4.8
Poison Magic   | 1 2 3 4 |  4.8
Staves         | 3 4 5 6 |  6.4
Fighting       | 5 6 7 |  7.4
Unarmed Combat | 5 6 7 |  7.4
Armour         | 9 10 | 10.3

Action                   |  1- 3 |  4- 6 |  7- 9 | 10-12 || total
-------------------------+-------+-------+-------+-------++-------
Melee: Quarterstaff      |    89 |   190 |   163 |   160 ||   602
       Bite              |     8 |    13 |    14 |     8 ||    43
 Fire: Sling             |       |       |    60 |    14 ||    74
  Use: Potion            |       |     2 |     3 |     1 ||     6
       Scroll            |       |    13 |     5 |     4 ||    22
 Stab: Sleeping          |       |       |     1 |     1 ||     2
Armor: Ring mail         |    40 |    98 |   117 |   108 ||   363
Dodge: Dodged            |    71 |   123 |   166 |   153 ||   513
